 Dungeon Crawl Stone Soup version 0.29.1-12-g30fa7ad0bf (webtiles) character file.

Game seed: 8354687521986602290

154 xzight the Grasshopper (level 5, 0/43 HPs)
             Began as a Gnoll Warper on Dec 29, 2022.
             Slain by Terence
             ... wielding a +1 vorpal flail
              (1 damage)
             ... on level 2 of the Dungeon.
             The game lasted 00:06:27 (3021 turns).

xzight the Grasshopper (Gnoll Warper)               Turns: 3021, Time: 00:06:28

Health: 0/43       AC: 10    Str: 12    XL:     5   Next: 35%
Magic:  12/12      EV: 10    Int: 12    God:
Gold:   70         SH:  0    Dex: 12    Spells: 14/14 levels left

rFire   . . .      SeeInvis .   r - +0 hand axe (vorpal)
rCold   . . .      Faith    .   (no shield)
rNeg    . . .      Spirit   .   t - +0 scale mail
rPois   .          Reflect  .   (no helmet)
rElec   .          Harm     .   (no cloak)
rCorr   .          Rampage  .   (no gloves)
Will    .....                   (no boots)
Stlth   ..........              (no amulet)
HPRegen 0.14/turn               T - +4 ring of protection
MPRegen 0.13/turn               (no ring)

@: no status effects
A: fangs 1, strong nose, distributed training
a: no special abilities


You were on level 2 of the Dungeon.
You visited 1 branch of the dungeon, and saw 3 of its levels.

You collected 130 gold pieces.
You spent 60 gold pieces at shops.


Innate Abilities, Weirdness & Mutations

You have very sharp teeth.
Your uncanny sense of smell can sniff out nearby items.
Your experience applies equally to all skills.


   Skills:
 + Level 4.8 Fighting
 + Level 1.5 Short Blades
 + Level 1.5 Long Blades
 + Level 1.5 Axes
 + Level 1.5 Maces & Flails
 + Level 4.8 Polearms
 + Level 1.5 Staves
 + Level 1.5 Ranged Weapons
 + Level 3.0 Throwing
 + Level 3.0 Armour
 + Level 4.8 Dodging
 + Level 1.5 Stealth
 + Level 1.5 Shields
 + Level 1.5 Unarmed Combat
 + Level 5.2 Spellcasting
 + Level 1.2 Conjurations
 + Level 1.2 Hexes
 + Level 1.2 Summonings
 + Level 1.2 Necromancy
 + Level 5.5 Translocations
 + Level 1.2 Transmutations
 + Level 1.2 Fire Magic
 + Level 1.2 Ice Magic
 + Level 1.2 Air Magic
 + Level 1.2 Earth Magic
 + Level 1.2 Poison Magic
 + Level 1.7 Invocations
 + Level 1.5 Evocations


You had 14 spell levels left.
You didn't know any spells.
Your spell library contained the following spells:

 Spells                   Type           Power      Damage    Failure   Level
 Blink                    Tloc           32%        N/A       16%         2
 Gell's Gravitas          Tloc           16%        N/A       30%         3
 Lesser Beckoning         Tloc           16%        N/A       30%         3
 Teleport Other           Tloc           16%        N/A       30%         3
 Magic Dart               Conj           24%        1d4       52%         1
 Searing Ray              Conj           12%        2d4       65%         2
 Manifold Assault         Tloc           16%        N/A       95%         5
 Airstrike                Air            3%         2d(1-17)  99%         4
 Fulminant Prism          Conj/Hex       3%         3d6       99%         4
 Summon Lightning Spire   Summ/Air       6%         N/A       99%         4
 Lightning Bolt           Conj/Air       3%         1d14      100%        5

Inventory:

Hand Weapons
 a - a +0 spear
 r - a +0 vorpal hand axe (weapon)
Missiles
 d - 7 boomerangs of dispersal (quivered) {=f}
 s - 6 boomerangs
Armour
 m - a +0 chain mail
 t - a +0 scale mail (worn)
Jewellery
 T - a +4 ring of protection (left hand)
Scrolls
 c - a scroll of blinking
 e - a scroll of fear {unknown}
 f - a scroll of silence {unknown}
 g - a scroll of amnesia {unknown}
 h - a scroll of torment {unknown}
 k - 2 scrolls of teleportation {@r2}
 l - 2 scrolls of identify {@r1}
 p - 2 scrolls of vulnerability {unknown}
Potions
 i - a potion of flight {unknown}
 j - a potion of heal wounds {unknown}
 n - a potion of haste {unknown}
 o - a potion of might {unknown}

Dungeon Overview and Level Annotations

Branches:
Dungeon (3/15)

Altars:

Shops:
D:1 ?   D:2 *

Annotations:
D:2 Terence
D:3 Grinder

#.#
#.#################.
#.#
#...................
#.#
########....######.#
#.# ######.#### #.#
#.# #..∩..##P## ####..
#.#
##.#####P..###.....
#.#
####...####...P#P###..
#.#
#.....@..#♣[~P.#.P##..
#.#
#.##<@.###⚑.~~..#.##..
#.# #.###.##
#♣.PP.##.#... #.# #.#
#.### #...P#P.P... #.#
#.# #...# #P..####....
#.# #.# ###.# ##P##
###.. #.# #.# #.# ####
#..
#.#######.#####.###.#
#..
#............>......#
###
############.##....^#
#


You could see Terence.


Message History

Terence hits you but does no damage.
You hit Terence but do no damage.
Terence is severely wounded.
Terence hits you with a +1 vorpal flail.
* * * LOW HITPOINT WARNING * * *
x2 You hit Terence.
Terence is almost dead.
Terence misses you.
You hit Terence but do no damage. Your punch misses Terence.
Terence is almost dead.
Terence hits you with a +1 vorpal flail!
* * * LOW HITPOINT WARNING * * *
x2 Terence hits you but does no damage.
You closely miss Terence. Your bite misses Terence.
Terence is almost dead.
Terence hits you but does no damage.
You barely miss Terence.
Terence is almost dead.
Terence hits you but does no damage.
You hit Terence.
Terence is almost dead.
Terence hits you but does no damage.
You hit Terence but do no damage.
Terence is almost dead.
Terence closely misses you.
You barely miss Terence. Your bite misses Terence.
Terence is almost dead.
Terence hits you with a +1 vorpal flail.
* * * LOW HITPOINT WARNING * * *
You die...

Skill      XL: |  1  2  3  4  5 |
---------------+----------------+-----
Spellcasting   | 5 |  5.2
Invocations    | 1 |  1.7
Short Blades   | 1 |  1.5
Long Blades    | 1 |  1.5
Axes           | 1 |  1.5
Maces & Flails | 1 |  1.5
Staves         | 1 |  1.5
Ranged Weapons | 1 |  1.5
Stealth        | 1 |  1.5
Shields        | 1 |  1.5
Unarmed Combat | 1 |  1.5
Evocations     | 1 |  1.5
Conjurations   | 1 |  1.2
Hexes          | 1 |  1.2
Summonings     | 1 |  1.2
Necromancy     | 1 |  1.2
Transmutations | 1 |  1.2
Fire Magic     | 1 |  1.2
Ice Magic      | 1 |  1.2
Air Magic      | 1 |  1.2
Earth Magic    | 1 |  1.2
Poison Magic   | 1 |  1.2
Throwing       | 3 |  3.0
Armour         | 3 |  3.0
Fighting       | |  4.8
Polearms       | |  4.8
Dodging        | |  4.8
Translocations | |  5.5

Action                   |  1- 3 |  4- 6 || total
-------------------------+-------+-------++-------
Melee: Spear             |   140 |    45 ||   185
       Bite              |    12 |    14 ||    26
       Punch             |     2 |       ||     2
       Hand axe          |       |    82 ||    82
  Use: Potion            |       |     1 ||     1
 Stab: Sleeping          |     2 |     1 ||     3
Armor: Leather armour    |    49 |    20 ||    69
       Scale mail        |       |    29 ||    29
Dodge: Dodged            |    82 |    61 ||   143

Levels and vault maps discovered:
D:1:      minmay_arrival_open_corners, layout_basic, serial_shops,
          nicolae_lakefront_shop
D:2:      minmay_chambers_of_twos, layout_loops_ring,
          dreamdust_ecumenical_altar_hidden_monk_grotto, serial_shops, shop,
          st_stairs_5
D:3:      lemuel_castle_with_subvaults [lemuel_castle_interior_carwin_2],
          layout_basic, mainiacjoe_overflow_paths, gup_sewer_entry_bubbles,
          chequers_hall_statues_wall_a, uniq_grinder, uniq_crazy_yiuf_cottage,
          uniq_terence

Notes
Turn   | Place    | Note
-------+----------+-------------------------------------------
     0 | D:1      | xzight the Gnoll Warper began the quest for the Orb.
     0 | D:1      | Reached XP level 1. HP: 20/20 MP: 6/6
    92 | D:1      | Reached XP level 2. HP: 26/26 MP: 7/7
   489 | D:1      | Reached skill level 5 in Spellcasting
   489 | D:1      | Reached XP level 3. HP: 31/31 MP: 7/9
   793 | D:1      | Found Sazeyroa's Magic Scroll Boutique.
   802 | D:1      | Bought a scroll of teleportation for 36 gold pieces
   802 | D:1      | Bought a scroll of identify for 24 gold pieces
  1303 | D:2      | Found Vukaen's Assorted Antiques.
  1396 | D:2      | Reached skill level 1 in Invocations
  1452 | D:2      | Reached skill level 1 in Short Blades
  1452 | D:2      | Reached skill level 1 in Long Blades
  1452 | D:2      | Reached skill level 1 in Axes
  1452 | D:2      | Reached skill level 1 in Maces & Flails
  1452 | D:2      | Reached skill level 1 in Staves
  1452 | D:2      | Reached skill level 1 in Ranged Weapons
  1452 | D:2      | Reached skill level 1 in Stealth
  1452 | D:2      | Reached skill level 1 in Shields
  1452 | D:2      | Reached skill level 1 in Unarmed Combat
  1452 | D:2      | Reached skill level 1 in Evocations
  1563 | D:2      | Reached XP level 4. HP: 29/38 MP: 11/11
  1982 | D:2      | Reached skill level 1 in Conjurations
  1982 | D:2      | Reached skill level 1 in Hexes
  1982 | D:2      | Reached skill level 1 in Summonings
  1982 | D:2      | Reached skill level 1 in Necromancy
  1982 | D:2      | Reached skill level 1 in Transmutations
  1982 | D:2      | Reached skill level 1 in Fire Magic
  1982 | D:2      | Reached skill level 1 in Ice Magic
  1982 | D:2      | Reached skill level 1 in Air Magic
  1982 | D:2      | Reached skill level 1 in Earth Magic
  1982 | D:2      | Reached skill level 1 in Poison Magic
  2234 | D:2      | Found a faded altar of an unknown god.
  2679 | D:3      | Reached XP level 5. HP: 34/43 MP: 12/12
  2688 | D:3      | Reached skill level 3 in Throwing
  2688 | D:3      | Reached skill level 3 in Armour
  2948 | D:3      | Noticed Grinder
  2953 | D:3      | Paralysed by Grinder for 2 turns
  2977 | D:3      | Paralysed by Grinder for 3 turns
  2996 | D:3      | Noticed Terence
  3016 | D:2      | HP: 3/43 [Terence/+1 vorpal flail (3)]
  3021 | D:2      | HP: 1/43 [Terence/+1 vorpal flail (3)]
  3021 | D:2      | Slain by Terence

Vanquished Creatures
  2 orc wizards (D:3)
  4 adders (D:2)
  2 dart slugs
  3 orcs (D:3)
  4 bats
  8 endoplasms
  3 giant cockroaches
  5 goblins
  4 hobgoblins
  4 quokkas
  10 ball pythons
  5 kobolds
  7 rats
61 creatures vanquished.

Table legend: (Time is in decaauts)
 A = Elapsed time spent in this place.
 B = Non-inter-level travel time spent in this place.
 C = Inter-level travel time spent in this place.
 D = Time resting spent in this place.
 E = Time spent auto-exploring this place.
 F = Levels seen in this place.
 G = Mean time per level.
                   A        B        C        D        E       F      G
               +--------+--------+--------+--------+--------+-----+--------+
         Total |   3016 |   2861 |    155 |    367 |   1867 |   3 | 1005.3 |
       Dungeon |   3016 |   2861 |    155 |    367 |   1867 |   3 | 1005.3 |
               +--------+--------+--------+--------+--------+-----+--------+

Top non-repeatable levels by time:
     D:1: 1265 daAuts
     D:2: 1254 daAuts
     D:3: 496 daAuts

Table legend:
 A = Non-vault XP
 B = Vault XP
 C = Vault XP percentage of total XP
 D = Non-vault monster count
 E = Vault monster count
 F = Vault count percentage of total count
                 A         B        C        D         E       F
            +---------+---------+-------+---------+---------+-------
      Total |     179 |      41 |  18.6 |      51 |      10 |  16.4
            +---------+---------+-------+---------+---------+-------
        D:1 |      46 |       0 |   0.0 |      27 |       0 |   0.0
        D:2 |      49 |      41 |  45.6 |      14 |      10 |  41.7
        D:3 |      84 |       0 |   0.0 |      10 |       0 |   0.0
            +---------+---------+-------+---------+---------+-------
